 Seeded DCSS version 0.29-a0-362-g5854e031c7 (webtiles) character file.

Game seed: 9708579739092153053 (custom seed)

670 zeratav the Archer (level 7, -1/40 HPs)
             Began as a Tengu Hunter on Apr 29, 2022.
             Slain by Duvessa
             ... wielding a +0 short sword
              (2 damage)
             ... on level 4 of the Dungeon.
             The game lasted 00:04:00 (2698 turns).

zeratav the Archer (Tengu Hunter)                   Turns: 2698, Time: 00:04:01

Health: -1/40      AC:  6    Str: 11    XL:     7   Next: 58%
Magic:  8/8        EV: 14    Int: 13    God:
Gold:   989        SH:  0    Dex: 20    Spells: 6/6 levels left

rFire   . . .      SeeInvis .   l - +7 longbow of the Special Knives {flame, Will+ Int+4, bow}
rCold   . . .      Faith    .   (shield currently unavailable)
rNeg    . . .      Spirit   .   b - +0 leather armour
rPois   .          Reflect  .   k - +2 hat
rElec   .          Harm     .   (no cloak)
rCorr   .          Rampage  .   n - +0 pair of gloves
Will    +....                   (boots unavailable)
Stlth   ++........              (no amulet)
HPRegen 0.13/turn               (no ring)
MPRegen 0.11/turn               (no ring)

@: flying quickly and evasively, quick
A: beak, talons 3, nimble flight
a: no special abilities


You were on level 4 of the Dungeon.
You visited 1 branch of the dungeon, and saw 4 of its levels.

You collected 989 gold pieces.


Innate Abilities, Weirdness & Mutations

You have a beak for a mouth.
You have claws for feet.
Your magical nature lets you fly swiftly and evasively.


   Skills:
 - Level 2.0 Fighting
 + Level 9.9 Bows
 - Level 2.1 Dodging
 - Level 1.0 Stealth


You had 6 spell levels left.
You didn't know any spells.
Your spell library was empty.

Inventory:

Hand Weapons
 a - a +1 shortbow {bow}
 l - the +7 longbow of the Special Knives (weapon) {flame, Will+ Int+4, bow}
   (You acquired it on level 1 of the Dungeon)

   Any ammunition fired from it burns those it strikes, dealing additional fire
   damage.
   Int:       It affects your intelligence (+4).
   Will:      It increases your willpower.
Armour
 b - a +0 leather armour (worn)
 j - a +0 robe
   (You took it off Blork the orc on level 4 of the Dungeon)
 k - a +2 hat (worn)
   (You acquired it on level 1 of the Dungeon)
 n - a +0 pair of gloves (worn)
   (You found it on level 2 of the Dungeon)
Scrolls
 c - 2 scrolls of immolation {!r!r}
 d - 2 scrolls of magic mapping {unknown}
 e - a scroll of blinking {unknown}
 f - a scroll of silence {unknown}
 h - 2 scrolls of teleportation {unknown}
 i - a scroll of vulnerability {unknown}
 p - a scroll of torment {unknown}
 r - a scroll of enchant armour {unknown}
 s - a scroll of identify {unknown}
Potions
 g - 3 potions of curing {unknown}
 q - a potion of resistance {unknown}

Dungeon Overview and Level Annotations

Branches:
Dungeon (4/15)
 Temple: D:4-7

Altars:
Makhleb

Portals:
Ossuary: D:4

Annotations:
D:4 Duvessa

#. ##.###########.## #.
#..## #..# # # ##....
##.. #. ###.##### #...
#. #.....###.##
.####.#########.........
........................
#........####.....###.
#..##@##.# #.....# # #
#.e.#.# #.....# #.∩.'.#
#.....# #...#..........#
##'##..######### ......#
### #


You could see Duvessa (berserk).


Message History

Press: ? - help, Q - select action Shift-Dir - straight line, f - ball python
Aim: a ball python (wandering, hasn't noticed you, 69% to hit)
You shoot an arrow. The ball python hisses angrily.
The arrow hits the ball python!
The arrow burns the ball python.
You kill the ball python!
You see here a +0 dagger {short}.
HP[+1]
You hear the hiss of an avalanche of sand very nearby.
HP[+1]
An ice beast comes into view.
Shoot: l) +7 longbow of the Special Knives {flame, Will+ Int+4, bow}
Press: ? - help, Q - select action Shift-Dir - straight line, f - ice beast
Aim: an ice beast (71% to hit)
You shoot an arrow. The arrow hits the ice beast.
The arrow melts the ice beast.
HP[+1] Shoot: l) +7 longbow of the Special Knives {flame, Will+ Int+4, bow}
Press: ? - help, Q - select action Shift-Dir - straight line, f/p - ice beast
Aim: an ice beast (lightly wounded, 71% to hit)
You shoot an arrow. The arrow hits the ice beast.
The arrow melts the ice beast.
The ice beast closely misses you.
The ice beast hits you but does no damage.
Shoot: l) +7 longbow of the Special Knives {flame, Will+ Int+4, bow}
Press: ? - help, Q - select action Shift-Dir - straight line, f/p - ice beast
Aim: an ice beast (moderately wounded, 71% to hit)
You shoot an arrow. The arrow barely misses the ice beast.
The ice beast hits you but does no damage.
Shoot: l) +7 longbow of the Special Knives {flame, Will+ Int+4, bow}
Press: ? - help, Q - select action Shift-Dir - straight line, f/p - ice beast
Aim: an ice beast (moderately wounded, 71% to hit)
You shoot an arrow. The arrow hits the ice beast!
The arrow melts the ice beast.
The ice beast misses you.
Shoot: l) +7 longbow of the Special Knives {flame, Will+ Int+4, bow}
Press: ? - help, Q - select action Shift-Dir - straight line, f/p - ice beast
Aim: an ice beast (almost dead, 71% to hit)
You shoot an arrow. The arrow hits the ice beast!
The arrow melts the ice beast.
You kill the ice beast!
HP[+1] HP[+1] Dowan, Brother of Duvessa comes into view.
He is wielding a +0 dagger.
Found a sand-covered staircase.
Dowan shouts!
You hear a shout!
There is an open door here.
Shoot: l) +7 longbow of the Special Knives {flame, Will+ Int+4, bow}
Press: ? - help, Q - select action Shift-Dir - straight line, f - Dowan
Aim: Dowan, wielding a +0 dagger and wearing a +0 robe (64% to hit)
You shoot an arrow. The arrow closely misses Dowan.
Duvessa, Sister of Dowan comes into view.
She is wielding a +0 short sword and wearing a +3 leather armour of poison resistance.
Duvessa gestures with her weapon.
Dowan says, "Magic and the sword, together, will defeat you."
Shoot: l) +7 longbow of the Special Knives {flame, Will+ Int+4, bow}
Press: ? - help, Q - select action Shift-Dir - straight line, f/p - Dowan
Aim: Dowan, wielding a +0 dagger and wearing a +0 robe (64% to hit)
You shoot an arrow. The arrow closely misses Dowan.
The arrow hits Duvessa but does no damage.
Shoot: l) +7 longbow of the Special Knives {flame, Will+ Int+4, bow}
Press: ? - help, Q - select action Shift-Dir - straight line, f/p - Dowan
Aim: Dowan, wielding a +0 dagger and wearing a +0 robe (64% to hit)
You shoot an arrow. The arrow hits Dowan!!
The arrow burns Dowan.
You kill Dowan!
Duvessa screams in rage.
Duvessa goes berserk!
Shoot: l) +7 longbow of the Special Knives {flame, Will+ Int+4, bow}
Press: ? - help, Q - select action Shift-Dir - straight line, f - Duvessa
Aim: Duvessa, wielding a +0 short sword and wearing a +3 leather armour of poison resistance (berserk, 74% to hit)
You shoot an arrow. The arrow hits Duvessa!
The arrow burns Duvessa.
Duvessa closely misses you. Duvessa hits you with a +0 short sword.
HP[-6]
You take 6 damage, and now have 31/40 hp.
Shoot: l) +7 longbow of the Special Knives {flame, Will+ Int+4, bow}
Press: ? - help, Q - select action Shift-Dir - straight line, f/p - Duvessa
Aim: Duvessa, wielding a +0 short sword and wearing a +3 leather armour of poison resistance (moderately wounded, berserk, 74% to hit)
You shoot an arrow. The arrow hits Duvessa.
The arrow burns Duvessa.
Duvessa hits you with a +0 short sword. Duvessa hits you with a +0 short sword!
* * * LOW HITPOINT WARNING * * *
HP[-14]
You take 14 damage, and now have 17/40 hp.
MASSIVE DAMAGE!! (PAUSE) Shoot: l) +7 longbow of the Special Knives {flame, Will+ Int+4, bow}
Press: ? - help, Q - select action Shift-Dir - straight line, f/p - Duvessa
Aim: Duvessa, wielding a +0 short sword and wearing a +3 leather armour of poison resistance (moderately wounded, berserk, 74% to hit)
You shoot an arrow. The arrow hits Duvessa!
The arrow burns Duvessa.
Duvessa hits you with a +0 short sword.
* * * LOW HITPOINT WARNING * * *
Duvessa hits you with a +0 short sword!
* * * LOW HITPOINT WARNING * * *
HP[-16]
You take 16 damage, and now have 1/40 hp.
MASSIVE DAMAGE!! (PAUSE) Shoot: l) +7 longbow of the Special Knives {flame, Will+ Int+4, bow}
Press: ? - help, Q - select action Shift-Dir - straight line, f/p - Duvessa
Aim: Duvessa, wielding a +0 short sword and wearing a +3 leather armour of poison resistance (severely wounded, berserk, 74% to hit)
You shoot an arrow.
The arrow hits Duvessa but does no damage.
Duvessa hits you with a +0 short sword.
You die...

Skill      XL: |  1  2  3  4  5  6  7 |
---------------+----------------------+-----
Bows           | 5 6 8 9 |  9.9
Fighting       | |  2.0
Dodging        | |  2.1
Stealth        | |  1.0

Action                   |  1- 3 |  4- 6 |  7- 9 || total
-------------------------+-------+-------+-------++-------
 Fire: Shortbow          |    37 |       |       ||    37
       Longbow           |     9 |    80 |    22 ||   111
  Use: Scroll            |     3 |       |       ||     3
Armor: Leather armour    |     3 |     9 |     3 ||    15
Dodge: Dodged            |     5 |    19 |    13 ||    37

Levels and vault maps discovered:
D:1:      mrwooster_arrival_arrow, layout_basic
D:2:      layout_basic, basic_altar, minmay_fractal_squares_gapless_5
D:3:      layout_basic, hellmonk_ecumenical_altar_blasted,
          minmay_shallow_snake_nest
D:4:      layout_rooms, enter_ossuary_2, uniq_blork_the_orc, uniq_duvessa,
          uniq_menkaure, uniq_eustachio

Notes
Turn   | Place    | Note
-------+----------+-------------------------------------------
     0 | D:1      | zeratav the Tengu Hunter began the quest for the Orb.
     0 | D:1      | Reached XP level 1. HP: 12/12 MP: 2/2
     0 | D:1      | magus.rc [v1.9.6]
   148 | D:1      | Reached XP level 2. HP: 17/17 MP: 3/3
   160 | D:1      | Reached skill level 5 in Bows
   366 | D:1      | Reached XP level 3. HP: 15/21 MP: 4/4
   629 | D:1      | Identified 3 scrolls of acquirement
   629 | D:1      | Acquired 834 gold pieces
   630 | D:1      | Acquired the +7 longbow of the Special Knives {flame, Will+
                  | Int+4}
   632 | D:1      | Acquired a +2 hat
   702 | D:2      | Reached skill level 6 in Bows
   702 | D:2      | Reached XP level 4. HP: 26/26 MP: 5/5
   880 | D:2      | Found a burning altar of Makhleb.
  1236 | D:2      | Gained mutation: Your magical nature lets you fly swiftly
                  | and evasively. [Tengu growth]
  1236 | D:2      | Reached XP level 5. HP: 30/30 MP: 6/6
  1925 | D:3      | Reached skill level 7 in Bows
  2175 | D:3      | Found a faded altar of an unknown god.
  2485 | D:4      | Noticed a phantom
  2487 | D:4      | Killed a phantom
  2488 | D:4      | Reached skill level 8 in Bows
  2488 | D:4      | Reached XP level 6. HP: 35/35 MP: 7/7
  2500 | D:4      | Noticed Blork the orc
  2504 | D:4      | Killed Blork the orc
  2642 | D:4      | Reached XP level 7. HP: 31/40 MP: 8/8
  2647 | D:4      | Reached skill level 9 in Bows
  2690 | D:4      | Found a sand-covered staircase.
  2690 | D:4      | Noticed Dowan
  2692 | D:4      | Noticed Duvessa
  2694 | D:4      | Killed Dowan
  2697 | D:4      | HP: 1/40 [Duvessa/+0 short sword (13)]
  2698 | D:4      | Slain by Duvessa

Vanquished Creatures
  An ice beast (D:4)
  A phantom (D:4)
  Blork the orc (D:4)
  A scorpion (D:4)
  Dowan (D:4)
  2 hounds
  A gnoll shaman (D:4)
  An iguana (D:2)
  9 gnolls
  5 adders
  3 worms
  2 dart slugs (D:1)
  3 orcs (D:4)
  11 ball pythons
  4 endoplasms
  4 giant cockroaches
  5 goblins
  7 hobgoblins
  3 jackals (D:3)
  5 quokkas
  3 bats
  9 kobolds
  3 rats
85 creatures vanquished.

Table legend:
 A = Non-vault XP
 B = Vault XP
 C = Vault XP percentage of total XP
 D = Non-vault monster count
 E = Vault monster count
 F = Vault count percentage of total count
                 A         B        C        D         E       F
            +---------+---------+-------+---------+---------+-------
      Total |     774 |     184 |  19.2 |      73 |      12 |  14.1
            +---------+---------+-------+---------+---------+-------
        D:1 |      34 |       0 |   0.0 |      18 |       0 |   0.0
        D:2 |     140 |       7 |   4.8 |      17 |       4 |  19.0
        D:3 |      94 |      20 |  17.5 |      19 |       6 |  24.0
        D:4 |     506 |     157 |  23.7 |      19 |       2 |   9.5
            +---------+---------+-------+---------+---------+-------

Illustrated notes

Table legend:
 A = Kills in this place as a percentage of kills in entire the game.
 B = Kills by you in this place as a percentage of kills by you in the entire game.
 C = Kills by friends in this place as a percentage of kills by friends in the entire game.
 D = Other kills in this place as a percentage of other kills in the entire game.
 E = Experience gained in this place as a percentage of experience gained in the entire game.
 F = Experience gained in this place divided by the number of levels of this place that you have seen.
                   A       B       C       D       E      F
               +-------+-------+-------+-------+-------+----------------------
         Total | 100.0 | 100.0 |   N/A |   N/A | 100.0 | 239.5
       Dungeon | 100.0 | 100.0 |   N/A |   N/A | 100.0 | 239.5
               +-------+-------+-------+-------+-------+----------------------

Table legend: (Time is in decaauts)
 A = Elapsed time spent in this place.
 B = Non-inter-level travel time spent in this place.
 C = Inter-level travel time spent in this place.
 D = Time resting spent in this place.
 E = Time spent auto-exploring this place.
 F = Levels seen in this place.
 G = Mean time per level.
                   A        B        C        D        E       F      G
               +--------+--------+--------+--------+--------+-----+--------+
         Total |   2653 |   2600 |     53 |      0 |   2241 |   4 |  663.2 |
       Dungeon |   2653 |   2600 |     53 |      0 |   2241 |   4 |  663.2 |
               +--------+--------+--------+--------+--------+-----+--------+

Top non-repeatable levels by time:
     D:2: 1027 daAuts
     D:3: 712 daAuts
     D:1: 670 daAuts
     D:4: 242 daAuts
